 Dungeon Crawl Stone Soup version 0.32-a0-841-g4648e6c457 (webtiles) character file.

Game seed: 11895144490548497386

128 Goblin1989 the Sneak (level 4, -4/33 HPs)
             Began as a Demonspawn Brigand on Mar 26, 2024.
             Slain by Edmund
             ... wielding a +2 dire flail of protection
              (9 damage)
             ... on level 4 of the Dungeon.
             The game lasted 00:04:54 (2849 turns).

Goblin1989 the Sneak (Demonspawn Brigand)           Turns: 2849, Time: 00:04:55

Health: -4/33      AC:  4    Str: 14    XL:     4   Next: 86%
Magic:  4/4        EV: 12    Int: 11    God:
Gold:   177        SH:  0    Dex: 14    Spells: 3/3 levels left

rFire   . . .        b - +0 dagger (elec)
rCold   . . .        (no shield)
rNeg    . . .        o - +0 robe
rPois   .            (no helmet)
rElec   .            c - +0 cloak
rCorr   .            w - +0 pair of gloves
SInv    .            (no boots)
Will    .....        (no amulet)
Stlth   +++          (no ring)
HPRegen 0.25/turn    (no ring)
MPRegen 0.09/turn

%: no passive effects
@: no status effects
A: repulsion field 1, weakness stinger 1
a: no special abilities


You were on level 4 of the Dungeon.
You visited 1 branch of the dungeon, and saw 4 of its levels.

You collected 177 gold pieces.

Inventory:

Hand Weapons
 a - a +2 dagger
 b - a +0 dagger of electrocution (weapon)
Missiles
 d - 10 poisoned darts (quivered)
 f - 25 stones
 j - 6 atropa-tipped darts
Armour
 c - a +0 cloak (worn)
 o - a +0 robe (worn)
 w - a +0 pair of gloves (worn)
Jewellery
 t - an amulet of faith {!P}
Scrolls
 h - 2 scrolls of fear {unknown}
 i - 5 scrolls of identify {unknown}
 l - 2 scrolls of vulnerability {unknown}
 m - a scroll of amnesia {unknown}
 n - a scroll of poison {unknown}
 s - a scroll of revelation {unknown}
 v - 2 scrolls of torment {unknown}
Potions
 g - 2 potions of heal wounds {unknown}
 k - a potion of haste {unknown}
 p - a potion of brilliance {unknown}
 q - a potion of mutation {unknown}
 r - a potion of magic {unknown}
 u - a potion of invisibility {unknown}
 x - a potion of curing {unknown}


   Skills:
 - Level 2.0 Fighting
 + Level 3.5 Short Blades
 - Level 1.7 Throwing
 - Level 0.8 Dodging
 + Level 4.9 Stealth


You had 3 spell levels left.
You didn't know any spells.
Your spell library contained the following spells:

 Spells                   Type           Power      Damage    Failure   Level
 Magic Dart               Conj           0%         1d3       34%         1
 Blink                    Tloc           0%         N/A       47%         2
 Call Imp                 Summ           0%         N/A       47%         2
 Cause Fear               Hex            0%         N/A       98%         4
 Alistair's Intoxication  Alch           0%         N/A       100%        5
 Borgnjor's Vile Clutch   Necr/Erth      0%         N/A       100%        5
 Fireball                 Conj/Fire      0%         3d3       100%        5
 Eringya's Noxious Bog    Alch           0%         4d6       100%        6
 Dragon's Call            Summ           0%         N/A       100%        9


Dungeon Overview and Level Annotations

Branches:
Dungeon (4/15) Zot: 21172
 Temple: D:4-7

Altars:
Cheibriados
Dithmenos
Uskayaw

Shops:
D:2 ((

Annotations:
D:4 Edmund


Innate Abilities, Weirdness & Mutations

You are surrounded by a mild repulsion field. (EV +2)
You have a small tail.


Message History

You hit the orc but do no damage.
Your tail-slap misses the orc.
The orc is moderately wounded.
The orc misses you.
You hit the orc but do no damage.
Your tail-slap misses the orc.
The orc is lightly wounded.
The orc barely misses you.
You hit the orc.
You tail-slap the orc, but do no damage.
The orc is heavily wounded.
The orc closely misses you.
You hit the orc but do no damage.
Your tail-slap misses the orc.
The orc is heavily wounded.
You hit the orc but do no damage. Lightning courses through the orc!
You kill the orc!
No target in view!
No target in view!
No target in view!
No target in view!
No target in view!
No target in view!
No target in view!
No target in view!
No target in view!
No target in view!
No target in view!
No target in view!
No target in view!
No target in view!
No target in view!
No target in view!
No target in view!
No target in view!
No target in view!
No target in view!
Things that are here:
a +0 whip; a +0 ring mail; an orc corpse
There is an open door here.
Found a stone staircase leading down.
Health restored: 33 You now have 174 gold pieces (gained 14).
You now have 177 gold pieces (gained 3).
Edmund the Younger comes into view.
He is wielding a +2 dire flail of protection.
Edmund shouts!
Edmund is nearby!
Edmund is nearby!
Unknown command.
Throw: 3 darts (curare)
Press: ? - help, Shift-Dir - straight line, f - Edmund
Aim: Edmund, wielding a +2 dire flail of protection and wearing a +0 ring mail (60% to hit)
You throw a curare-tipped dart.
The curare-tipped dart closely misses Edmund.
Throw: 2 darts (curare)
Press: ? - help, Shift-Dir - straight line, f/p - Edmund
Aim: Edmund, wielding a +2 dire flail of protection and wearing a +0 ring mail (60% to hit)
You throw a curare-tipped dart.
The curare-tipped dart completely misses Edmund.
Throw: dart (curare)
Press: ? - help, Shift-Dir - straight line, f/p - Edmund
Aim: Edmund, wielding a +2 dire flail of protection and wearing a +0 ring mail (60% to hit)
You throw a curare-tipped dart.
The curare-tipped dart closely misses Edmund.
Throw: 12 darts (poison)
Press: ? - help, Q - select action, (/) - cycle Shift-Dir - straight line, f/p - Edmund
Aim: Edmund, wielding a +2 dire flail of protection and wearing a +0 ring mail (60% to hit)
You throw a poisoned dart.
The poisoned dart closely misses Edmund.
Throw: 11 darts (poison)
Press: ? - help, Q - select action, (/) - cycle Shift-Dir - straight line, f/p - Edmund
Aim: Edmund, wielding a +2 dire flail of protection and wearing a +0 ring mail (60% to hit)
You throw a poisoned dart. The poisoned dart barely misses Edmund.
You hit Edmund but do no damage. Edmund barely misses you.
You hit Edmund but do no damage. You tail-slap Edmund.
Edmund is lightly wounded.
You closely miss Edmund.
Edmund is lightly wounded.
Edmund barely misses you.
You completely miss Edmund.
Edmund is lightly wounded.
Edmund hits you with a +2 dire flail of protection.
You take 6 damage, and have 27/33 hp.
You hit Edmund but do no damage.
Your tail-slap misses Edmund.
Edmund is lightly wounded.
Edmund hits you with a +2 dire flail of protection!
You take 12 damage, and have 15/33 hp.
MASSIVE DAMAGE!!
You hit Edmund but do no damage. Lightning courses through Edmund!
Edmund is moderately wounded.
Edmund gestures with his flail.
Edmund misses you.
You barely miss Edmund.
Edmund is moderately wounded.
You hit Edmund but do no damage. Lightning courses through Edmund!
Edmund is severely wounded.
Edmund hits you with a +2 dire flail of protection!
* * * LOW HITPOINT WARNING * * *
You take 11 damage, and have 5/33 hp.
MASSIVE DAMAGE!!
You closely miss Edmund.
Edmund is severely wounded.
Edmund hits you with a +2 dire flail of protection!
You die...
Edmund says, "That'll show my brother!"

.........█ █.((██...█
.........█ █.█.██...█
.██......█████.██...█
.............((.....▲
██.██████...........█
██.█ █.███....█▲██
...██████.███.█.██.█
.......██.....█.@..█
██...█.█████████@███
████....█ █......█
.....█..█████.████.████
............█.█.......█
......█.███.█.█.██..█.█
............█.█.█...█.█
......█.......█.█.█...█
████.██.███...........█
█.....█...█.....█...█


You could see Edmund.

Vanquished Creatures
  A scorpion (D:3)
  An adder (D:2)
  5 dart slugs
  An orc (D:4)
  7 ball pythons
  4 bats
  5 endoplasms
  2 giant cockroaches
  4 goblins
  4 hobgoblins
  4 quokkas
  4 frilled lizards
  5 kobolds
  2 rats (D:1)
49 creatures vanquished.

Notes
Turn   | Place    | Note
-------+----------+-------------------------------------------
     0 | D:1      | Goblin1989 the Demonspawn Brigand began the quest for the
                  | Orb.
     0 | D:1      | Reached XP level 1. HP: 16/16 MP: 1/1
   174 | D:1      | Gained mutation: You have a small tail. [demonic ancestry]
   174 | D:1      | Reached XP level 2. HP: 22/22 MP: 2/2
   333 | D:1      | Reached skill level 4 in Stealth
   935 | D:2      | Found Waicsiaq's Weapon Emporium.
  1071 | D:2      | Gained mutation: You are surrounded by a mild repulsion
                  | field. (EV +2) [demonic ancestry]
  1071 | D:2      | Reached XP level 3. HP: 27/27 MP: 3/3
  1511 | D:2      | Found Mamunutz's Antique Weapon Shoppe.
  1781 | D:3      | Found a hide-covered altar of Uskayaw.
  2008 | D:3      | Found a shadowy altar of Dithmenos.
  2058 | D:3      | Noticed a scorpion
  2062 | D:3      | Killed a scorpion
  2063 | D:3      | Reached XP level 4. HP: 33/33 MP: 4/4
  2206 | D:3      | Found a snail-covered altar of Cheibriados.
  2321 | D:3      | Found a faded altar of an unknown god.
  2827 | D:4      | Noticed Edmund
  2849 | D:4      | Slain by Edmund

Illustrated notes

Levels and vault maps discovered:
D:1:      matt_arrival_los_fun, layout_basic, grunt_decor_fettered,
          kennysheep_decorative_pillar, minmay_misc_feat_rugged
D:2:      layout_basic, serial_shops, nicolae_shop_bloodbath_and_beyond, shop,
          kennysheep_generic_room_8
D:3:      layout_loops_ring, mainiacjoe_overflow_small_starburst,
          overflow_temple_1_default, minitemple, basic_ecumenical_altar,
          minmay_misc_feat_doors
D:4:      layout_basic, bloody_makhleb, nemelex_altar_shiori,
          minmay_temple_entry_grid, minivault_19, kennysheep_path_1,
          nicolae_wormholes, uniq_edmund, uniq_natasha

Skill      XL: |  1  2  3 |
---------------+----------+-----
Short Blades   | 2 3 |  3.5
Stealth        | 4 |  4.9
Fighting       | |  2.0
Throwing       | |  1.7
Dodging        | |  0.8

Action                     |  1- 3 |  4- 6 || total
---------------------------+-------+-------++-------
  Melee: Dagger            |    91 |    50 ||   141
         Tailslap          |     5 |     7 ||    12
  Throw: Dart              |       |     5 ||     5
   Stab: Sleeping          |    13 |     1 ||    14
 Armour: Robe              |    36 |    17 ||    53
  Dodge: Dodged            |    51 |    22 ||    73

Table legend: (Time is in decaauts)
 A = Elapsed time spent in this place.
 B = Non-inter-level travel time spent in this place.
 C = Inter-level travel time spent in this place.
 D = Time resting spent in this place.
 E = Time spent auto-exploring this place.
 F = Levels seen in this place.
 G = Mean time per level.
                   A        B        C        D        E       F      G
               +--------+--------+--------+--------+--------+-----+--------+
         Total |   2827 |   2718 |    109 |     60 |   2239 |   4 |  706.8 |
       Dungeon |   2827 |   2718 |    109 |     60 |   2239 |   4 |  706.8 |
               +--------+--------+--------+--------+--------+-----+--------+

Top non-repeatable levels by time:
     D:1: 927 daAuts
     D:2: 833 daAuts
     D:3: 780 daAuts
     D:4: 285 daAuts
